 Dungeon Crawl Stone Soup version 0.30-a0-748-ge6a52f7cba (console) character file.

Game seed: 3522035400942037937

622002 rlgrobin the Thanatomancer (level 26, -13/204 HPs)
             Began as a Demonspawn Wanderer on Feb 8, 2023.
             Was the Champion of Cheibriados.
             Killed from afar by a black draconian knight (29 damage)
             ... with a bolt of lightning
             ... led by a green draconian monk
             ... on level 3 of the Realm of Zot.
             The game lasted 03:59:53 (79984 turns).

rlgrobin the Thanatomancer (Demonspawn Wanderer)   Turns: 79984, Time: 03:59:53

Health: -13/204    AC: 14    Str: 30    XL:     26   Next: 54%
Magic:  0/47       EV: 28    Int: 42    God:    Cheibriados [******]
Gold:   8848       SH: 15    Dex: 28    Spells: 20/65 levels left

rFire   + . .      SeeInvis +    a - +9 demon whip (heavy)
rCold   + . .      Faith    .    w - +0 kite shield {rN+}
rNeg    + + .      Spirit   +    v - +0 pearl dragon scales
rPois   +          Reflect  .    (helmet unavailable)
rElec   .          Harm     .    y - +2 cloak {Will+}
rCorr   +          Rampage  .    x - +2 pair of gloves {hurl}
Will    ++...                    Q - +1 pair of boots
Stlth   ++                       n - amulet of magic regeneration
HPRegen 0.54/turn                T - ring "Qararob" {rF+ rC+ Int+3 Slay+2}
MPRegen 1.00/turn                R - ring of Nephotat {rPois rCorr Int+3 SInv}

@: lethally poisoned (-13 -> -40), corroded, studying 6 skills, repel missiles,
very slow
A: horns 3, repulsion field 3, ignite blood 3, magic shield, magic regeneration,
magic link, black mark, bedeviling, see invisible, clumsy 1, deformed body,
deterioration 1
}: 4/15 runes: serpentine, barnacled, slimy, silver
a: Renounce Religion, Bend Time, Temporal Distortion, Slouch, Step From Time


You were on level 3 of the Realm of Zot.
You worshipped Cheibriados.
Cheibriados was exalted by your worship.
You visited 12 branches of the dungeon, and saw 54 of its levels.
You also visited: Trove, Sewer, Ossuary, Gauntlet, Ice Cave and Desolation.

You collected 9313 gold pieces.
You spent 465 gold pieces at shops.

Inventory:

Hand Weapons
 a - a +9 heavy demon whip (weapon)
Missiles
 f - 6 curare-tipped darts
 t - 5 throwing nets (quivered)
Armour
 r - +3 gold dragon scales
 v - +0 pearl dragon scales (worn)
 w - a +0 kite shield of positive energy (worn)
 x - a +2 pair of gloves of hurling (worn)
 y - a +2 cloak of willpower (worn)
 C - +8 gold dragon scales
 Q - a +1 pair of boots (worn)
 S - the +2 cloak of the Thief {*Fog Slay-2 SInv Stlth+}
   (You found it on level 3 of the Elven Halls)

   *Fog:      It may release a thick cloud of smoke when the wearer is hurt.
   Slay:      It affects your accuracy & damage with ranged weapons and melee
   (-2).
   SInv:      It lets you see invisible.
   Stlth:     It makes you more stealthy.
Jewellery
 d - a ring of flight
 j - the ring of the Secret Teeth {rN+ Int+6 Dex+3}
   (You found it on level 3 of the Crypt)

   [ring of intelligence]

   Int:       It affects your intelligence (+6).
   Dex:       It affects your dexterity (+3).
   rN:        It protects you from negative energy.
 n - an amulet of magic regeneration (around neck)
 R - the ring of Nephotat (right hand) {rPois rCorr Int+3 SInv}
   (You found it on level 3 of the Vaults)

   [ring of see invisible]

   Int:       It affects your intelligence (+3).
   rPois:     It protects you from poison.
   SInv:      It lets you see invisible.
   rCorr:     It protects you from acid and corrosion.
 T - the ring "Qararob" (left hand) {rF+ rC+ Int+3 Slay+2}
   (You took it off a ragged hierophant in the Desolation of Salt)

   [ring of protection from cold]

   Int:       It affects your intelligence (+3).
   Slay:      It affects your accuracy & damage with ranged weapons and melee
   (+2).
   rF:        It protects you from fire.
   rC:        It protects you from cold.
 V - the ring of Pessimism {Int+3 Dex+6}
   (You found it in the Desolation of Salt)

   [ring of dexterity]

   Int:       It affects your intelligence (+3).
   Dex:       It affects your dexterity (+6).
 Y - the ring of Tiberchem {rF+ rN+ Str-3 Int+4 SInv}
   (You found it in the Desolation of Salt)

   [ring of protection from fire]

   Str:       It affects your strength (-3).
   Int:       It affects your intelligence (+4).
   rF:        It protects you from fire.
   rN:        It protects you from negative energy.
   SInv:      It lets you see invisible.
Wands
 b - a wand of quicksilver (9)
 e - a wand of digging (4)
 k - a wand of polymorph (15)
 s - a wand of mindburst (22)
 B - a wand of paralysis (25)
 G - a wand of roots (26)
Scrolls
 c - 16 scrolls of fear
 g - 2 scrolls of butterflies
 h - a scroll of enchant weapon
 i - 8 scrolls of amnesia
 l - 13 scrolls of blinking
 q - 3 scrolls of silence
 u - 6 scrolls of teleportation
 I - 33 scrolls of identify
 J - 14 scrolls of fog
 L - 8 scrolls of magic mapping
 M - 3 scrolls of brand weapon
Potions
 m - 8 potions of magic
 o - 24 potions of curing
 p - a potion of cancellation
 A - 10 potions of flight
 E - 12 potions of brilliance
 K - 8 potions of invisibility
 O - 4 potions of resistance
 P - 7 potions of might
Miscellaneous
 z - a lightning rod (4/4)
 D - a condenser vane
 H - a phantom mirror
 N - a box of beasts (inert)
 U - a phial of floods


   Skills:
 - Level 16.0 Fighting
 - Level 4.0(8.9) Axes
 - Level 12.2(12.5) Maces & Flails
 - Level 16.1 Armour
 - Level 15.8 Dodging
 - Level 5.2 Stealth
 - Level 13.0 Shields
 - Level 20.2 Spellcasting
 - Level 10.9 Summonings
 + Level 22.5 Necromancy
 - Level 12.0 Translocations
 + Level 8.2 Transmutations
 - Level 4.2 Ice Magic
 - Level 4.1 Air Magic
 - Level 12.0 Invocations
 - Level 12.7 Evocations


You had 20 spell levels left.
You knew the following spells:

 Your Spells              Type           Power      Damage    Failure   Level
a - Manifold Assault      Tloc           97%        N/A       1%          4
b - Call Canine Familiar  Summ           94%        N/A       1%          3
c - Summon Lightning Spi  Summ/Air       81%        N/A       1%          4
d - Blink                 Tloc           100%       N/A       1%          2
e - Lesser Beckoning      Tloc           100%       N/A       1%          2
f - Freeze                Ice            100%       1d10      1%          1
g - Dispel Undead         Necr           100%       3d31      0%          4
h - Haunt                 Necr/Summ      55%        N/A       1%          7
i - Apportation           Tloc           100%       N/A       0%          1
j - Death's Door          Necr           62%        N/A       19%         9
k - Necromutation         Tmut/Necr      53%        N/A       22%         8

Your spell library contained the following spells:

 Spells                   Type           Power      Damage    Failure   Level
 Necrotise                Necr           100%       1d9       0%          1
 Vampiric Draining        Necr           100%       2d13      0%          3
 Animate Dead             Necr           100%       N/A       0%          4
 Agony                    Necr           100%       N/A       0%          5
 Magic Dart               Conj           100%       1d8       1%          1
 Shock                    Conj/Air       100%       1d9       1%          1
 Summon Small Mammal      Summ           100%       N/A       1%          1
 Cigotuvi's Dreadful Rot  Necr/Pois/Air  100%       N/A       1%          2
 Momentum Strike          Conj/Tloc      100%       3d10      1%          2
 Poisonous Vapours        Pois/Air       100%       N/A       1%          2
 Frozen Ramparts          Ice            100%       1d16      1%          3
 Gell's Gravitas          Tloc           97%        N/A       1%          3
 Ignite Poison            Fire/Tmut/Pois 60%        N/A       1%          3
 Kindle Blastsparks       Fire/Tloc/Air  100%       2d18      1%          3
 Ozocubu's Armour         Ice            67%        N/A       1%          3
 Portal Projectile        Hex/Tloc       100%       N/A       1%          3
 Summon Guardian Golem    Hex/Summ       93%        N/A       1%          3
 Swiftness                Air            67%        N/A       1%          3
 Teleport Other           Tloc           97%        N/A       1%          3
 Anguish                  Hex/Necr       58%        N/A       1%          4
 Animate Armour           Summ/Erth      100%       N/A       1%          4
 Ice Form                 Ice/Tmut       76%        N/A       1%          4
 Iskenderun's Mystic Bla  Conj/Tloc      75%        2d15      1%          4
 Passage of Golubria      Tloc           97%        N/A       1%          4
 Summon Ice Beast         Ice/Summ       82%        N/A       1%          4
 Borgnjor's Vile Clutch   Necr/Erth      47%        N/A       1%          5
 Death Channel            Necr           62%        N/A       1%          6
 Simulacrum               Ice/Necr       50%        N/A       1%          6
 Borgnjor's Revivificati  Necr           62%        N/A       1%          8
 Infestation              Necr           62%        N/A       1%          8
 Hailstorm                Conj/Ice       57%        3d12      2%          3
 Scorch                   Fire           84%        2d9       3%          2
 Searing Ray              Conj           84%        2d7       3%          2
 Airstrike                Air            33%        2d(5-21)  3%          4
 Petrify                  Tmut/Erth      67%        N/A       3%          4
 Summon Cactus Giant      Summ           47%        N/A       3%          6
 Summon Mana Viper        Hex/Summ       93%        N/A       5%          5
 Dazzling Flash           Conj/Hex       100%       N/A       6%          3
 Inner Flame              Hex/Fire       59%        N/A       6%          3
 Stone Arrow              Conj/Erth      84%        3d12      6%          3
 Tukima's Dance           Hex            59%        N/A       6%          3
 Alistair's Intoxication  Tmut/Pois      44%        N/A       10%         5
 Irradiate                Conj/Tmut      33%        3d22      10%         5
 Yara's Violent Unravell  Hex/Tmut       43%        3d17      10%         5
 Malign Gateway           Summ/Tloc      47%        N/A       14%         7
 Freezing Cloud           Conj/Ice/Air   30%        6-21      17%         5
 Cause Fear               Hex            29%        N/A       19%         4
 Flame Wave               Conj/Fire      42%        2d11      19%         4
 Fulminant Prism          Conj/Hex       29%        3d14      19%         4
 Leda's Liquefaction      Hex/Erth       29%        N/A       19%         4
 Sticky Flame             Conj/Fire      42%        2d6       19%         4
 Lightning Bolt           Conj/Air       28%        1d44      22%         5
 Metabolic Englaciation   Hex/Ice        37%        N/A       22%         5
 Silence                  Hex/Air        37%        N/A       22%         5
 Fireball                 Conj/Fire      21%        3d10      47%         5
 Iskenderun's Battlesphe  Conj           42%        2d9       47%         5
 Lee's Rapid Deconstruct  Erth           21%        3d12*     47%         5
 Dragon Form              Tmut           42%        N/A       50%         7
 Disjunction              Tloc           48%        N/A       65%         8
 Conjure Ball Lightning   Conj/Air       28%        3x3d8     77%         6
 Storm Form               Tmut/Air       38%        N/A       78%         7
 Summon Horrible Things   Summ           47%        N/A       82%         8
 Spellforged Servitor     Conj/Summ      36%        N/A       86%         7
 Iron Shot                Conj/Erth      21%        9d5       96%         6
 Starburst                Conj/Fire      21%        6d7       96%         6
 Ozocubu's Refrigeration  Ice            33%        4d14      96%         7
 Enfeeble                 Hex            29%        N/A       100%        7
 Orb of Destruction       Conj           21%        9d8       100%        7
 Discord                  Hex            29%        N/A       100%        8
 Ignition                 Fire           21%        3d8       100%        8
 Lehudib's Crystal Spear  Conj/Erth      21%        10d6      100%        8
 Maxwell's Capacitive Co  Air            33%        ∞         100%        8
 Chain Lightning          Conj/Air       28%        3d37      100%        9
 Dragon's Call            Summ           47%        N/A       100%        9
 Fire Storm               Conj/Fire      21%        8d5       100%        9
 Polar Vortex             Ice            33%        N/A       100%        9
 Shatter                  Erth           21%        3d19*     100%        9


Dungeon Overview and Level Annotations

Branches:
Dungeon (15/15)            Temple (1/1) D:6            Lair (5/5) D:10
 Shoals (4/4) Lair:3        Snake (4/4) Lair:2        Slime (5/5) Lair:5
    Orc (2/2) D:10            Elf (3/3) Orc:2        Vaults (5/5) D:13
  Crypt (3/3) Vaults:2       Tomb (0/3) Crypt:3      Depths (4/4) D:15
    Zot (3/5) Depths:4      Sewer (visited)         Ossuary (visited)
  IceCv (visited)         Desolation (visited)      Gauntlet (visited)

Altars:
Ashenzari
Cheibriados
Dithmenos
Fedhas
Gozag
Hepliaklqana
Kikubaaqudgha
Makhleb
Nemelex Xobeh
Okawaru
Qazlal
Ru
Sif Muna
Trog
Uskayaw
Vehumet
Wu Jian
Xom
Yredelemnul
Jiyva

Shops:
D:3 [   D:11 [   Orc:2 [[*[   Elf:2 [?(   Shoals:4 (   Snake:2 :[!   Vaults:1 *
Vaults:4 *   Depths:2 =:=(   Depths:3 ?

Portals:
Hell: Depths:1 Depths:2 Depths:3 Depths:4
Abyss: Depths:1 Depths:2 Depths:3
Pandemonium: Depths:1 Depths:2
Ziggurat: Depths:1

Annotations:
Zot:3 exclusion: lightning spire


Innate Abilities, Weirdness & Mutations

You have a pair of large horns on your head.
You are surrounded by a strong repulsion field. (EV +4, RMsl)
Your demonic aura causes all spilled blood to erupt in flames.
When hurt, damage is shared between your health and your magic reserves.
You regenerate magic rapidly.
When low on magic, you restore magic in place of health.
Your melee attacks may debilitate your foes.
Your hexes are more powerful.
You have supernaturally acute eyesight. (SInv)
You are clumsy. (Dex -2)
Armour fits poorly on your strangely shaped body.
Your body sometimes deteriorates upon taking damage.


Message History

The black draconian knight misses you.
The black draconian knight is engulfed in poison gas.
The black draconian knight looks as sick as possible!
You hit the black draconian knight but do no damage.
You headbutt the black draconian knight!
You kill the black draconian knight!
Cheibriados thoroughly appreciates the change of pace.
You block the black draconian knight's attack.
The green draconian monk barely misses you.
You block the green draconian monk's attack.
The green draconian monk tail-slaps you. x2
* * * LOW HITPOINT WARNING * * *
You are poisoned.
The green draconian monk poisons you!
You hit the black draconian knight but do no damage.
The black draconian knight is lightly wounded.
You feel extremely sick.
You block the black draconian knight's attack.
You miss the green draconian monk.
The green draconian monk is severely wounded.
You feel very sick. The green draconian monk hits you!
* * * LOW HITPOINT WARNING * * *
The green draconian monk completely misses you.
The green draconian monk tail-slaps you but does no damage. x2
The black draconian knight casts a spell at you.
The shard of ice hits you!! You partially resist.
* * * LOW HITPOINT WARNING * * *
The green draconian breathes poison at you.
The blast of poison misses you.
You thrash the green draconian monk!!
You headbutt the green draconian monk, but do no damage.
The green draconian monk is almost dead.
* * * LOW HITPOINT WARNING * * *
You feel very sick.
The black draconian knight is engulfed in poison gas.
The black draconian knight looks as sick as possible!
The black draconian knight breathes lightning at you.
The bolt of lightning hits you!!!
You die...

##. ##..### ###.. #..# ##
....## #..######. ....#
#......... . #..##
#......### q. #...##
##....### ... #.§☼##
##..#### ....
##○°○###....#### .....
##@q☼).)........#
......###☼qd§)#######....
...8q....°§#### ####
...q_.##°°°## ...8.
##°°°# #... ##°.## ###
##..## ##..# ####


You could see a green draconian monk (catching breath), a black draconian knight
(fast, invisible, extremely poisoned, catching breath) and a green draconian.

Vanquished Creatures
  the Royal Jelly (Slime:5)
  2 dread liches
  3 ancient liches
  Khufu (Crypt:3)
  An orb of fire (Zot:1)
  2 juggernauts
  2 royal mummies (Crypt:3)
  Josephina (Crypt:3)
  A Killer Klown (Zot:3)
  Parghit (Zot:3)
  Margery (Crypt:2)
  3 caustic shrikes
  2 curse toes
  4 golden dragons
  A bone dragon (Depths:4)
  Jory (Depths:4)
  The ghost of derval the Warrior, an adept OpSu of Gozag (Vaults:3)
  An electric golem (Zot:3)
  6 liches
  11 tentacled monstrosities
  Rupert (Snake:1)
  The ghost of Jaime2 the Hoplite, an adept MiFi of Ashenzari (Shoals:4)
  5 deep elf blademasters (Elf:3)
  Asterion (Elf:2)
  A walking earthen tome (Depths:2)
  2 titans
  4 quicksilver dragons
  24 acid blobs
  Gastronok (D:12)
  2 deep elf master archers (Elf:3)
  4 death cobs
  The ghost of Tiucw the Devastator, an adept BaCj of Vehumet (Shoals:2)
  The ghost of Vait Lei the Luminary of Lethal Lore, an adept GnAE of Vehumet (Shoals:3)
  Frances (D:12)
  8 tengu reavers
  9 ancient champions
  A revenant (Crypt:1)
  6 sphinxes
  6 storm dragons
  A draconian monk (Zot:1)
  5 nagarajas (Snake:4)
  4 draconian knights
  Kirke (D:12)
  9 azure jellies
  10 fire giants
  9 shadow dragons
  5 frost giants
  19 rockslimes
  10 draconian scorchers
  The ghost of Sume the Fighter, a journeyman OgEE of Ru (Lair:4)
  5 deep elf sorcerers
  3 iron dragons
  19 vault wardens
  2 balrugs
  2 curse skulls (Crypt:1)
  6 deep elf elementalists (Elf:3)
  4 draconian shifters
  4 draconian stormcallers
  A juggernaut zombie (Crypt:2)
  7 draconian annihilators
  6 ghouls
  16 ironbound preservers
  3 war gargoyles
  32 very ugly things
  An orc warlord (Vaults:4)
  3 caustic shrike skeletons (Crypt:3)
  20 stone giants
  22 quicksilver oozes
  6 deep elf demonologists
  5 black draconians
  12 vampire knights
  Nessos (D:12)
  2 green draconians
  5 ironbound thunderhulks
  7 yellow draconians
  6 dire elephants
  8 deep elf annihilators
  8 white draconians
  3 halazid warlocks (Desolation)
  5 red draconians
  10 purple draconians
  3 spark wasps
  A minotaur (Gauntlet)
  2 eidola (Crypt:2)
  11 ettins
  Snorg (D:11)
  19 deep elf death magi
  A crystal guardian (Vaults:3)
  6 jiangshi
  14 ragged hierophants (Desolation)
  6 merfolk javelineers
  3 fire dragons
  A blizzard demon (Depths:2)
  An entropy weaver (Vaults:1)
  10 merfolk impalers (Shoals:4)
  11 yaktaur captains
  7 hydras
  A quicksilver dragon skeleton (Crypt:1)
  An elf skeleton (Crypt:3)
  5 deep elf high priests
  4 rakshasas
  11 great orbs of eyes
  31 vault guards
  2 salamander tyrants (Snake:4)
  A fenstrider witch zombie (Crypt:3)
  4 ogre magi
  4 spriggan air magi
  2 merfolk avatars
  11 peacekeepers
  8 servants of whispers (Desolation)
  7 ice dragons
  7 anacondas
  8 ironbound frosthearts
  2 spriggan skeletons (Crypt:3)
  3 satyrs
  A caustic shrike simulacrum (IceCv)
  4 boulder beetles
  2 death knights
  5 two-headed ogres
  2 merfolk aquamancers
  15 centaur warriors
  32 dancing weapons
  5 hell hogs (Depths:3)
  13 naga warriors
  9 vampire magi
  A fenstrider witch skeleton (Crypt:1)
  3 alligator snapping turtles (Shoals:4)
  13 naga sharpshooters
  5 tengu warriors
  5 deep troll earth magi
  5 deep troll shamans
  4 death yaks (Lair:4)
  5 spriggan berserkers
  3 shock serpents
  14 deep elf knights
  9 hell knights
  5 orc high priests
  Nergalle (Lair:3)
  8 soul eaters
  A sixfirhy (Gauntlet)
  32 skeletal warriors
  6 iron trolls
  9 salamander mystics
  An iron troll (shapeshifter) (Vaults:5)
  5 sun demons
  4 titan skeletons
  6 flayed ghosts
  15 sea snakes
  44 deep trolls
  A death drake (shapeshifter) (Elf:3)
  A glowing orange brain (Vaults:3)
  2 golden dragon zombies (Depths:2)
  10 deep elf archers
  An obsidian statue (IceCv)
  5 wizards
  2 spriggan simulacra
  2 bog bodies (IceCv)
  2 naga ritualists (Snake:4)
  26 harpies
  16 phantasmal warriors
  8 orc knights
  13 necromancers
  13 large abominations
  A sphinx zombie (Vaults:5)
  2 bunyip skeletons (Crypt:3)
  4 lindwurms
  23 ironbound convokers
  25 deep elf pyromancers
  24 ugly things
  A human zombie (Vaults:5)
  14 fauns
  25 deep elf zephyrmancers
  3 orc sorcerers
  5 oklob plants
  A tengu skeleton (Depths:2)
  A tengu zombie (Depths:2)
  An eleionoma zombie (Crypt:1)
  8 shining eyes
  8 cyclopes
  12 manticores
  A frost giant zombie (Depths:2)
  24 salamanders
  A human skeleton (Vaults:5)
  6 mana vipers
  16 elephants
  2 stone giant skeletons (Crypt:3)
  2 titan simulacra (Crypt:3)
  A dire elephant zombie (Crypt:2)
  5 merfolk sirens
  10 moths of wrath
  17 black mambas
  14 water nymphs
  10 naga magi
  2 ice statues (Snake:3)
  12 cane toads
  15 vault sentinels
  2 guardian serpents (shapeshifter)
  8 guardian serpents
  3 gargoyles
  An eye of devastation (Slime:5)
  2 molten gargoyles (Desolation)
  2 spectral sea snakes (Shoals:2)
  12 komodo dragons
  A smoke demon (Depths:3)
  4 centaur skeletons (Crypt:3)
  A black draconian zombie (Crypt:3)
  3 rime drakes
  5 unseen horrors
  An efreet (D:14)
  31 yaktaurs
  An unseen horror zombie (D:8)
  A bunyip simulacrum (Crypt:1)
  20 freezing wraiths
  4 tengu conjurers
  5 anaconda simulacra
  6 guardian mummies
  3 golden dragon simulacra
  A minotaur skeleton (Crypt:3)
  2 hellwings (Gauntlet)
  A yellow draconian skeleton (Crypt:2)
  A harpy zombie (Crypt:2)
  24 merfolk
  2 spectral merfolk (Shoals:2)
  7 wind drakes
  A merfolk (shapeshifter) (Vaults:5)
  3 ice devils (IceCv)
  A hydra skeleton (Crypt:1)
  4 polar bears
  8 trolls
  A grey draconian skeleton (Crypt:2)
  A mana viper skeleton (Crypt:1)
  79 saltlings (Desolation)
  15 blink frogs
  4 hornets
  An ettin zombie (Depths:2)
  7 dream sheep
  11 snapping turtles
  2 centaur simulacra (Crypt:2)
  127 slime creatures
  2 spriggans (Depths:3)
  2 air elementals
  3 shadows
  9 wraiths
  A tyrant leech zombie (Crypt:3)
  13 water elementals
  3 dire elephant simulacra (IceCv)
  6 wyverns
  7 basilisks
  16 fire bats
  32 yaks
  4 vampire mosquitoes (D:11)
  A black mamba skeleton (Crypt:3)
  2 fire elementals (Elf:3)
  3 vampires
  7 golden eyes
  A hog (D:12)
  A chaos spawn (Depths:2)
  A steam dragon (shapeshifter) (Elf:3)
  A steam dragon (Lair:5)
  2 redbacks (Vaults:1)
  A sea snake simulacrum (Shoals:2)
  2 wargs
  A merfolk zombie (Crypt:1)
  2 swamp worms (Gauntlet)
  2 harpy simulacra (IceCv)
  A hydra simulacrum (IceCv)
  34 nagas
  An acid dragon (D:8)
  A spectral snapping turtle (Shoals:2)
  3 naga skeletons
  10 water moccasins
  19 orc warriors
  A two-headed ogre skeleton (Crypt:2)
  2 ettin simulacra (IceCv)
  3 black bears
  4 alligator simulacra (IceCv)
  6 wolves
  8 boggarts
  6 ogres
  2 sky beasts
  14 centaurs
  A hog skeleton (Crypt:2)
  2 phantoms
  8 kobold brigands
  An elf zombie (Ossuary)
  2 fire crab zombies (Crypt:2)
  2 gnoll sergeants
  7 necrophages
  9 bullfrogs
  2 wyvern zombies (D:8)
  2 deep troll simulacra (IceCv)
  7 earth elementals
  18 wights
  A naga simulacrum (Crypt:3)
  2 scorpions
  11 small abominations
  2 spriggan zombies
  A water moccasin skeleton (Crypt:3)
  2 lindwurm simulacra (IceCv)
  A manticore simulacrum (Shoals:2)
  A snapping turtle simulacrum (Shoals:2)
  11 howler monkeys
  5 electric eels
  2 lava snakes (Lair:4)
  A crimson imp (D:13)
  3 jellies (D:6)
  A wolf skeleton (Crypt:3)
  3 centaur zombies (D:8)
  5 hounds (D:6)
  28 orc priests
  3 basilisk zombies
  23 orc wizards
  5 iguanas
  A killer bee zombie (D:8)
  11 mummies
  2 howler monkey zombies (D:8)
  Robin (D:2)
  A howler monkey skeleton (Crypt:2)
  10 gnolls
  7 adders
  A river rat (D:5)
  4 shadow imps
  A white imp (D:7)
  4 ufetubi
  A lava snake zombie (Crypt:1)
  4 worms
  53 orcs
  11 ball pythons
  3 endoplasms
  3 giant cockroaches
  A gnoll zombie (Ossuary)
  9 goblins
  6 hobgoblins
  31 kobolds
  3 quokkas
  3 training dummies (Shoals:4)
  83 bats
  7 frilled lizards
  2 goblin zombies (Ossuary)
  3 jackal zombies (Ossuary)
  2 kobold zombies (Sewer)
  An orc zombie (Ossuary)
  3 rats (D:2)
  A rat zombie (Ossuary)
  2 ball lightnings (Shoals:3)
  A bush (Lair:1)
  A fire vortex (Depths:3)
2440 creatures vanquished.

Vanquished Creatures (collateral kills)
  Mennas (Crypt:1)
  Sojobo (Vaults:5)
  Jorgrun (Shoals:1)
  An azure jelly (Slime:5)
  A nagaraja (Snake:2)
  A reaper (Gauntlet)
  An orc warlord (Vaults:2)
  Louise (Shoals:1)
  A caustic shrike skeleton (Crypt:3)
  A yaktaur captain (Vaults:2)
  4 hydras
  The ghost of Othiruos the Thaumaturge, a journeyman DsCj of Gozag (Lair:1)
  A vault guard (Vaults:2)
  A centaur warrior (D:11)
  3 naga warriors
  2 tengu warriors (D:11)
  A hell knight (Crypt:2)
  2 salamander mystics
  A sea snake (Shoals:1)
  A naga ritualist (Snake:4)
  A wizard (D:11)
  3 manticores
  4 cyclopes (D:11)
  2 merfolk sirens
  2 vault sentinels (Vaults:5)
  A guardian serpent (Snake:4)
  3 black mambas
  2 elephants (Lair:5)
  A water nymph (Shoals:3)
  4 cane toads
  A naga mage (Snake:4)
  2 trolls (D:11)
  2 saltlings (Vaults:2)
  A wind drake (Shoals:1)
  2 blink frogs
  A snapping turtle (Shoals:3)
  3 slime creatures (Slime:5)
  A shadow (D:11)
  A dire elephant simulacrum (IceCv)
  6 yaks
  Grum (D:11)
  2 wraiths
  A basilisk (D:11)
  A steam dragon (Lair:5)
  5 nagas
  2 acid dragons (D:11)
  An orc warrior (D:11)
  A wolf (D:11)
  A centaur (D:11)
  A bullfrog (Lair:4)
  An elf zombie (Ossuary)
  A scorpion (D:6)
  2 wights (D:7)
  A mummy (Crypt:3)
  An ufetubus (D:6)
  3 orcs
  A hobgoblin zombie (Ossuary)
  A kobold zombie (Ossuary)
97 creatures vanquished.

Vanquished Creatures (others)
  A tengu reaver (Vaults:5)
  A jiangshi (Crypt:2)
  A ragged hierophant (Desolation)
  An ogre mage (D:11)
  An alligator snapping turtle (Shoals:3)
  A wizard (Depths:3)
  2 deep elf zephyrmancers
  2 manticores (Shoals:3)
  2 moths of wrath (Shoals:3)
  3 snapping turtles (Shoals:3)
  A golden eye (Slime:3)
  4 humans (D:12)
  A kobold (D:13)
  A kobold zombie (Sewer)
  A ball lightning (Shoals:3)
  22 fungi
  166 plants
  A withered plant (Desolation)
212 creatures vanquished.

Grand Total: 2749 creatures vanquished

Notes
Turn   | Place    | Note
-------+----------+-------------------------------------------
     0 | D:1      | rlgrobin the Demonspawn Wanderer began the quest for the
                  | Orb.
     0 | D:1      | rlgrobin set off with the following items: a +0 club, a
                  | scroll of teleportation, a scroll of fear, a +0 robe, a
                  | wand of quicksilver (4); and the following spell memorised:
                  | Freeze; and the following spells available to memorise:
                  | Hailstorm.
     0 | D:1      | Reached XP level 1. HP: 19/19 MP: 2/2
   264 | D:1      | Gained mutation: You have a pair of small horns on your
                  | head. [demonic ancestry]
   264 | D:1      | Reached XP level 2. HP: 18/25 MP: 0/4
   981 | D:2      | Noticed Robin
  1006 | D:2      | Gained mutation: You regenerate magic rapidly. [demonic
                  | ancestry]
  1006 | D:2      | Reached XP level 3. HP: 28/30 MP: 6/6
  1014 | D:2      | Killed Robin
  1834 | D:3      | Found Fyfyux's Armour Shoppe.
  1902 | D:3      | Gained mutation: Your demonic aura sometimes causes spilled
                  | blood to erupt in flames. [demonic ancestry]
  1902 | D:3      | Reached XP level 4. HP: 37/37 MP: 4/7
  1912 | D:3      | Reached skill level 1 in Stealth
  2355 | D:3      | Noticed a gnoll sergeant
  2364 | D:3      | Reached XP level 5. HP: 40/42 MP: 9/9
  2365 | D:3      | Reached skill level 1 in Dodging
  2368 | D:3      | Found the +5 woodcutter's axe
  2445 | D:3      | Found a faded altar of an unknown god.
  3141 | D:5      | Entered Level 5 of the Dungeon
  3142 | D:5      | Noticed an ogre
  3200 | D:5      | Gained mutation: Your demonic aura often causes spilled
                  | blood to erupt in flames. [demonic ancestry]
  3200 | D:5      | Reached XP level 6. HP: 45/48 MP: 7/11
  3247 | D:5      | Found a glowing drain.
  3267 | Sewer    | Entered a sewer
  3429 | Sewer    | Found a burning altar of Makhleb.
  3498 | Sewer    | Gained mutation: Your demonic aura causes all spilled blood
                  | to erupt in flames. [demonic ancestry]
  3498 | Sewer    | Reached XP level 7. HP: 48/54 MP: 12/12
  3517 | Sewer    | Learned a level 3 spell: Call Canine Familiar
  3550 | D:5      | Reached skill level 1 in Summonings
  3909 | D:5      | Found an ornate altar of the Wu Jian Council.
  4383 | D:6      | Reached skill level 5 in Summonings
  4422 | D:6      | Reached XP level 8. HP: 40/59 MP: 13/13
  4499 | D:6      | Found a staircase to the Ecumenical Temple.
  4513 | Temple   | Entered the Ecumenical Temple
  4599 | Temple   | Became a worshipper of Cheibriados the Contemplative
  5060 | D:6      | Found a broken altar of Ashenzari.
  5187 | D:6      | Found a shimmering blue altar of Sif Muna.
  5292 | D:7      | Reached skill level 5 in Spellcasting
  5390 | D:7      | Gained mutation: When hurt, damage is shared between your
                  | health and your magic reserves. [demonic ancestry]
  5390 | D:7      | Reached XP level 9. HP: 51/65 MP: 17/17
  5544 | D:7      | Reached * piety under Cheibriados
  5626 | D:7      | Reached skill level 1 in Invocations
  6096 | D:8      | Found a sand-covered staircase.
  6101 | Ossuary  | Entered an ossuary
  6117 | Ossuary  | Reached ** piety under Cheibriados
  6571 | D:8      | Reached skill level 5 in Dodging
  7094 | D:8      | Found a basalt altar of Yredelemnul.
  7313 | D:8      | Noticed an angel
  7344 | D:8      | Reached XP level 10. HP: 34/71 MP: 15/19
  7480 | D:8      | Noticed a two-headed hydra
  7490 | D:8      | Killed a two-headed hydra
  7662 | D:9      | Reached *** piety under Cheibriados
  7890 | D:9      | Reached skill level 5 in Fighting
  8034 | D:9      | Noticed a centaur warrior
  8072 | D:9      | Killed a centaur warrior
  8089 | D:9      | Noticed a two-headed ogre
  8093 | D:9      | Killed a two-headed ogre
  8215 | D:9      | Noticed a centaur warrior
  8222 | D:9      | Killed a centaur warrior
  8223 | D:9      | Gained mutation: When low on magic, you restore magic in
                  | place of health. [demonic ancestry]
  8223 | D:9      | Reached XP level 11. HP: 71/83 MP: 18/20
  8381 | D:9      | Reached **** piety under Cheibriados
  8815 | D:9      | Reached skill level 5 in Invocations
  9034 | D:10     | Entered Level 10 of the Dungeon
  9087 | D:10     | Noticed a two-headed ogre
  9091 | D:10     | Killed a two-headed ogre
  9216 | D:10     | Noticed a two-headed ogre
  9220 | D:10     | Killed a two-headed ogre
  9221 | D:10     | Reached skill level 5 in Armour
  9437 | D:10     | Found a shadowy altar of Dithmenos.
  9437 | D:10     | Found a burning altar of Makhleb.
  9438 | D:10     | Found a blossoming altar of Fedhas.
  9466 | D:10     | Found a staircase to the Orcish Mines.
  9529 | D:10     | Found a staircase to the Lair.
  9531 | D:10     | Noticed an oklob plant
  9554 | D:10     | Killed an oklob plant
  9944 | Lair:1   | Entered Level 1 of the Lair of Beasts
  9947 | Lair:1   | Found a runed translucent gate.
  9947 | Lair:1   | Found a runed translucent gate.
  9947 | Lair:1   | Found a runed translucent gate.
  9950 | Lair:1   | Noticed Othiruos's ghost (journeyman DsCj)
 10079 | Lair:1   | Reached ***** piety under Cheibriados
 10171 | Lair:1   | Reached XP level 12. HP: 71/91 MP: 14/21
 10332 | Lair:1   | Reached skill level 10 in Dodging
 10459 | Lair:1   | Got the Quarto of Airy Exhumation
 10607 | Lair:1   | Identified a scroll of acquirement
 10607 | Lair:1   | Acquired a book of Storms
 10614 | Lair:1   | Learned a level 4 spell: Summon Lightning Spire
 10949 | Lair:2   | Reached skill level 1 in Air Magic
 11222 | Lair:2   | Found a staircase to the Snake Pit.
 11493 | Lair:2   | Found a broken altar of Ashenzari.
 12014 | Lair:3   | Noticed Nergalle
 12038 | Lair:3   | Killed Nergalle
 12121 | Lair:3   | Found a staircase to the Shoals.
 12595 | Lair:3   | Learned a level 2 spell: Blink
 12598 | Lair:3   | Learned a level 2 spell: Lesser Beckoning
 12652 | Lair:3   | Reached XP level 13. HP: 98/101 MP: 22/22
 12808 | Lair:3   | Reached skill level 1 in Translocations
 13047 | Lair:4   | Found a runed translucent gate.
 13053 | Lair:4   | Found a runed translucent gate.
 13054 | Lair:4   | Found a runed translucent gate.
 13066 | Lair:4   | Reached ****** piety under Cheibriados
 13092 | Lair:4   | Noticed Sume's ghost (journeyman OgEE)
 13259 | Lair:4   | Noticed a fire dragon
 13577 | Lair:4   | Reached skill level 10 in Invocations
 13944 | Lair:5   | Entered Level 5 of the Lair of Beasts
 14206 | Lair:5   | Noticed a dire elephant
 14221 | Lair:5   | Killed a dire elephant
 14643 | Lair:5   | Reached XP level 14. HP: 92/108 MP: 23/26
 14757 | Lair:5   | Reached skill level 5 in Evocations
 14858 | Lair:5   | Reached skill level 10 in Fighting
 14986 | Lair:5   | Identified the +2 long sword of the Pariah {heavy, *Noise
                  | rN+++ Str-5 Dex+4}
 15283 | Lair:5   | Found a viscous altar of Jiyva.
 15825 | Lair:1   | Killed Othiruos's ghost
 16041 | D:11     | Noticed Grum
 16049 | D:11     | Killed Grum
 16094 | D:11     | Noticed Snorg
 16105 | D:11     | Killed Snorg
 16110 | D:11     | Identified the +4 arbalest of Circular Logic {speed, Str+2
                  | Int+7 Dex-5}
 16127 | D:11     | Paralysed by something for 2 turns
 16755 | D:11     | Found Vut Reti's Armour Shop.
 17113 | D:12     | Noticed Nessos
 17126 | D:12     | Killed Nessos
 17445 | D:12     | Noticed Kirke
 17467 | D:12     | Killed Kirke
 17722 | D:12     | Found a portal to a secret trove of treasure.
 17804 | D:12     | Gained mutation: You are surrounded by a mild repulsion
                  | field. (EV +2) [demonic ancestry]
 17804 | D:12     | Reached XP level 15. HP: 120/120 MP: 27/27
 17804 | D:12     | Noticed Gastronok
 17825 | D:12     | Killed Gastronok
 18048 | D:12     | Noticed Frances
 18353 | D:13     | Found a gate to the Vaults.
 18408 | D:13     | Found a gate leading to a gauntlet.
 18417 | Gauntlet | Entered a Gauntlet
 18417 | Gauntlet | Found a transporter.
 18566 | Gauntlet | Found a transporter.
 18568 | Gauntlet | Found a transporter.
 18593 | Gauntlet | Found a transporter.
 18618 | Gauntlet | Identified the +1 chain mail of Carved Leaves {SInv}
 18658 | Gauntlet | Found a transporter.
 18662 | Gauntlet | Found a transporter.
 18662 | Gauntlet | Found a transporter.
 18679 | Gauntlet | Found a runed translucent door.
 18688 | Gauntlet | Found a runed translucent door.
 18704 | Gauntlet | Found a transporter.
 18733 | Gauntlet | Identified the amulet "Sabbugh" {RegenMP *Slow Will+ Int+4
                  | Stlth+}
 18742 | Gauntlet | Found a transporter.
 19000 | D:13     | Learned a level 4 spell: Manifold Assault
 19298 | D:13     | Found a shimmering altar of Xom.
 19325 | D:13     | Found a runed translucent door.
 19339 | D:13     | Found an opulent altar of Gozag.
 19379 | D:13     | Found a hide-covered altar of Uskayaw.
 19402 | D:13     | Found an opulent altar of Gozag.
 19457 | D:13     | Identified the ring "Revegeh" {rPois rF- rN++ Str+6 Stlth+}
 19462 | D:13     | Identified the +1 dagger of Goniliam {freeze, Fly}
 19523 | D:13     | Found a basalt altar of Yredelemnul.
 19537 | D:13     | Found an ornate altar of the Wu Jian Council.
 20319 | D:14     | Reached skill level 5 in Translocations
 20868 | D:15     | Entered Level 15 of the Dungeon
 21000 | D:15     | Found a staircase to the Depths.
 21122 | Orc:1    | Entered Level 1 of the Orcish Mines
 21301 | Orc:2    | Entered Level 2 of the Orcish Mines
 21301 | Orc:2    | Found a staircase to the Elven Halls.
 22424 | Orc:2    | Found Xeusk's General Store.
 22424 | Orc:2    | Found Beg Yskyty's Armour Shop.
 22425 | Orc:2    | Found Momoxeent's Antique Armour Shop.
 22429 | Orc:2    | Found Cikkosec's Armour Boutique.
 22492 | Orc:2    | Found a shimmering altar of Xom.
 22676 | D:15     | Reached skill level 1 in Shields
 22677 | D:15     | Reached skill level 1 in Maces & Flails
 22873 | D:15     | Gained mutation: You are surrounded by a moderate repulsion
                  | field. (EV +3) [demonic ancestry]
 22873 | D:15     | Reached XP level 16. HP: 128/129 MP: 29/29
 23442 | D:15     | Reached skill level 5 in Shields
 23715 | Snake:1  | Entered Level 1 of the Snake Pit
 24083 | Snake:1  | Noticed Rupert
 24101 | Snake:1  | Killed Rupert
 24120 | Snake:1  | Reached skill level 5 in Maces & Flails
 25401 | Snake:2  | Found Dounkior's Book Emporium.
 25401 | Snake:2  | Found Siom's Antique Armour Shoppe.
 25407 | Snake:2  | Found Ogroestry's Distillery.
 25417 | Snake:2  | Bought a potion of heal wounds for 90 gold pieces
 26081 | Snake:3  | Found a frozen archway.
 26116 | IceCv    | Entered an ice cave
 26962 | IceCv    | Reached skill level 10 in Shields
 27111 | IceCv    | Found an ancient bone altar of Kikubaaqudgha.
 27660 | IceCv    | Noticed a lich
 27688 | IceCv    | Killed a lich
 28090 | IceCv    | Got Sif Muna's Information on Charnel Hoarfrost
 28820 | Snake:3  | Reached XP level 17. HP: 135/135 MP: 30/30
 29428 | Snake:4  | Entered Level 4 of the Snake Pit
 30543 | Snake:4  | Reached skill level 10 in Maces & Flails
 30935 | Snake:4  | Got a serpentine rune of Zot
 31407 | Shoals:1 | Entered Level 1 of the Shoals
 31456 | Shoals:1 | Noticed Louise
 31464 | Shoals:1 | Killed Louise
 31608 | Shoals:1 | Identified the +0 chain mail "Fenn" {rN++ Will+}
 31681 | Shoals:1 | Noticed Jorgrun
 31695 | Shoals:1 | Killed Jorgrun
 31774 | Shoals:1 | Identified the +1 ring mail of Mordant Life {-Cast rElec
                  | rC- rN+++}
 32214 | Shoals:2 | Found a runed translucent gate.
 32215 | Shoals:2 | Found a runed translucent gate.
 32216 | Shoals:2 | Found a runed translucent gate.
 32222 | Shoals:2 | Noticed Tiucw's ghost (adept BaCj)
 33205 | Shoals:2 | Identified the +2 chain mail "Pyimn" {rElec}
 33704 | Shoals:3 | Reached skill level 10 in Armour
 33732 | Shoals:3 | Gained mutation: You have a pair of horns on your head.
                  | [demonic ancestry]
 33732 | Shoals:3 | Reached XP level 18. HP: 91/141 MP: 26/31
 34013 | Vaults:1 | Entered Level 1 of the Vaults
 34435 | Vaults:1 | Found Ynecutz's Assorted Antiques.
 34443 | Vaults:1 | Bought a potion of heal wounds for 195 gold pieces
 35712 | Vaults:2 | Noticed a lich
 35713 | Vaults:2 | Found a staircase to the Crypt.
 35720 | Vaults:2 | Killed a lich
 35795 | Vaults:2 | Found a crumbling gateway.
 35823 | Vaults:2 | Reached skill level 15 in Dodging
 35829 | Desolati | Entered the Desolation of Salt
 36119 | Desolati | Identified the +6 long sword of Eternal Harmony {heavy, rF-
                  | rC+++ SInv Stlth+}
 36128 | Desolati | Identified the ring "Qararob" {rF+ rC+ Int+3 Slay+2}
 36210 | Desolati | Identified the ring of Pessimism {Int+3 Dex+6}
 36217 | Desolati | Got Paugavi's Vellum of White Left-Handed Magic
 36233 | Desolati | Found the +7 great mace "Firestarter" {flame, inner flame,
                  | rFlCloud rF++}
 36302 | Desolati | Reached skill level 5 in Stealth
 36337 | Desolati | Identified the ring "Rudduaka" {rF+ rCorr}
 36421 | Desolati | Identified the ring of Tiberchem {rF+ rN+ Str-3 Int+4 SInv}
 36647 | Desolati | Identified the +7 broad axe of Skirmishing {flame, rF+}
 36779 | Desolati | Found the +8 storm bow {elec, penet}
 36888 | Desolati | Gained mutation: You have a pair of large horns on your
                  | head. [demonic ancestry]
 36888 | Desolati | Reached XP level 19. HP: 149/149 MP: 32/32
 36961 | Desolati | Got the Vademecum on Talus and Incineration
 37178 | Desolati | Identified the ring of Kais Otu {MP+9 Int+6}
 39132 | Vaults:3 | Reached skill level 15 in Armour
 39426 | Vaults:3 | Found a transporter.
 39427 | Vaults:3 | Found a radiant altar of Vehumet.
 39635 | Vaults:3 | Found a runed translucent gate.
 39636 | Vaults:3 | Found a runed translucent gate.
 39637 | Vaults:3 | Found a runed translucent gate.
 39646 | Vaults:3 | Noticed derval's ghost (adept OpSu)
 40341 | Vaults:4 | Reached skill level 15 in Fighting
 40371 | Vaults:4 | Found Macwirru's Assorted Antiques.
 40800 | Vaults:4 | Gained mutation: You are surrounded by a strong repulsion
                  | field. (EV +4, RMsl) [demonic ancestry]
 40800 | Vaults:4 | Reached XP level 20. HP: 93/164 MP: 26/33
 42163 | Vaults:4 | Reached skill level 10 in Spellcasting
 42720 | Depths:1 | Entered Level 1 of the Depths
 42720 | Depths:1 | Noticed a caustic shrike
 42720 | Depths:1 | Noticed a caustic shrike
 42720 | Depths:1 | Noticed a caustic shrike
 42726 | Depths:1 | Killed a caustic shrike
 42747 | D:15     | Killed a caustic shrike
 42749 | D:15     | Killed a caustic shrike
 43492 | Depths:1 | Found a one-way gate to the infinite horrors of the Abyss.
 43569 | Depths:1 | Identified the +4 quarterstaff "Niumich" {pain, rC+ Int+2}
 43702 | Depths:1 | Found a one-way gateway to a ziggurat.
 43949 | Depths:1 | Found a gateway to Hell.
 44016 | Depths:1 | Found the +10 zealot's sword {holy, Zealotry, *Rage rN+
                  | EV+3}
 44034 | Depths:1 | Found a one-way gate leading to the halls of Pandemonium.
 44120 | Depths:1 | Found a stormy altar of Qazlal.
 44289 | Depths:2 | Noticed a juggernaut
 44651 | Shoals:3 | Found a transporter.
 44661 | Shoals:3 | Found a transporter.
 44715 | Shoals:3 | Reached skill level 10 in Evocations
 44959 | Shoals:3 | Noticed Vait Lei's ghost (adept GnAE)
 45061 | Shoals:4 | Entered Level 4 of the Shoals
 45382 | Shoals:4 | Found a runed translucent door.
 45383 | Shoals:4 | Noticed Jaime2's ghost (adept MiFi)
 45440 | Shoals:4 | Got the Atlas of the Eight Xenops
 45516 | Shoals:4 | Identified the +0 robe of Happy Babbling {+Inv rF+++ MP-9
                  | Str-5}
 45535 | Shoals:4 | Found Utooduna's Firing Range.
 46192 | Shoals:4 | Got a barnacled rune of Zot
 46917 | Shoals:4 | Upgraded the game from 0.30-a0-743-gbfdf073431 to
                  | 0.30-a0-748-ge6a52f7cba
 47196 | Lair:4   | Killed Sume's ghost
 47322 | Elf:1    | Entered Level 1 of the Elven Halls
 47526 | Elf:1    | Reached XP level 21. HP: 167/171 MP: 36/36
 47643 | Elf:1    | Identified the +7 sling of Division {drain, Drain Str+5
                  | Int+2}
 48271 | Elf:2    | Identified the +6 sling "Onwobe Voveu" {freeze, Dex+6}
 48296 | Elf:2    | Found Riuggu's Magic Scroll Boutique.
 48296 | Elf:2    | Found Edeiply's Armour Shop.
 48304 | Elf:2    | Paralysed by an air elemental for 1 turns
 48381 | Elf:2    | Bought a scroll of brand weapon for 180 gold pieces
 48418 | Elf:2    | Noticed Asterion
 48427 | Elf:2    | Killed Asterion
 48558 | Elf:2    | Found Vuhash's Antique Weapon Emporium.
 48633 | Elf:2    | Found a runed translucent gate.
 48633 | Elf:2    | Found a runed translucent gate.
 48633 | Elf:2    | Found a runed translucent gate.
 48956 | Elf:2    | Reached skill level 10 in Translocations
 49278 | Elf:3    | Entered Level 3 of the Elven Halls
 49289 | Elf:3    | Found a huge runed gate.
 49291 | Elf:3    | Found a huge runed gate.
 49391 | Elf:3    | Found a huge runed gate.
 49391 | Elf:3    | Found a huge runed gate.
 49393 | Elf:3    | Found a huge runed gate.
 49393 | Elf:3    | Found a huge runed gate.
 49537 | Elf:3    | Found a huge runed gate.
 49537 | Elf:3    | Found a huge runed gate.
 49537 | Elf:3    | Found a huge runed gate.
 49547 | Elf:3    | Found a huge runed gate.
 49547 | Elf:3    | Found a huge runed gate.
 49547 | Elf:3    | Found a huge runed gate.
 49547 | Elf:3    | Found a huge runed gate.
 49548 | Elf:3    | Found a huge runed gate.
 49548 | Elf:3    | Found a huge runed gate.
 49548 | Elf:3    | Found a huge runed gate.
 49548 | Elf:3    | Found a huge runed gate.
 49548 | Elf:3    | Found a huge runed gate.
 49549 | Elf:3    | Found a huge runed gate.
 49550 | Elf:3    | Found a huge runed gate.
 49551 | Elf:3    | Found a huge runed gate.
 49552 | Elf:3    | Found a huge runed gate.
 49553 | Elf:3    | Found a huge runed gate.
 49561 | Elf:3    | Found a huge runed gate.
 49561 | Elf:3    | Found a huge runed gate.
 49561 | Elf:3    | Found a huge runed gate.
 49561 | Elf:3    | Found a huge runed gate.
 49561 | Elf:3    | Found a huge runed gate.
 49561 | Elf:3    | Found a huge runed gate.
 49562 | Elf:3    | Found a huge runed gate.
 49563 | Elf:3    | Found a huge runed gate.
 49564 | Elf:3    | Found a huge runed gate.
 49572 | Elf:3    | Found a huge runed gate.
 49572 | Elf:3    | Found a huge runed gate.
 49572 | Elf:3    | Found a huge runed gate.
 49572 | Elf:3    | Found a huge runed gate.
 49712 | Elf:3    | Identified the +11 great mace of Xom's Righteous Anger
                  | {heavy, rN+ Dex+5}
 50147 | Elf:3    | Found the +2 cloak of the Thief {*Fog Slay-2 SInv Stlth+}
 50166 | Elf:3    | Identified the +3 falchion "Cachanecs" {heavy, Int+3}
 50328 | Elf:3    | Reached skill level 1 in Necromancy
 50469 | Elf:3    | Reached skill level 2 in Necromancy
 50793 | Elf:3    | Reached skill level 3 in Necromancy
 50808 | Elf:3    | Reached skill level 4 in Necromancy
 51238 | Crypt:1  | Entered Level 1 of the Crypt
 51395 | Crypt:1  | Noticed Mennas
 51526 | Crypt:1  | Gained mutation: Your hexes are more powerful. [demonic
                  | ancestry]
 51526 | Crypt:1  | Reached XP level 22. HP: 158/178 MP: 34/39
 51581 | Crypt:1  | Killed Mennas
 51582 | Crypt:1  | Reached skill level 5 in Necromancy
 51848 | Crypt:1  | Found a burning altar of Makhleb.
 52295 | Crypt:1  | Reached skill level 6 in Necromancy
 53058 | Crypt:2  | Reached skill level 7 in Necromancy
 53635 | Crypt:2  | Reached skill level 8 in Necromancy
 53883 | Crypt:2  | Noticed Margery
 53892 | Crypt:2  | Killed Margery
 54011 | Crypt:3  | Entered Level 3 of the Crypt
 54313 | Crypt:3  | Reached skill level 9 in Necromancy
 54570 | Crypt:3  | Noticed Khufu
 54570 | Crypt:3  | Noticed a royal mummy
 54570 | Crypt:3  | Noticed a royal mummy
 54612 | Crypt:3  | Noticed a curse toe
 54625 | Crypt:3  | Killed a curse toe
 54793 | Crypt:3  | Killed a royal mummy
 54799 | Crypt:3  | Killed a royal mummy
 54808 | Crypt:3  | Killed Khufu
 54812 | Crypt:3  | Reached skill level 10 in Necromancy
 55177 | Crypt:3  | Identified the ring of Balance {Ice Contam Str+4 Int+2}
 55177 | Crypt:3  | Noticed Josephina
 55193 | Crypt:3  | Killed Josephina
 55486 | Crypt:3  | Found a staircase to the Tomb.
 55528 | Crypt:3  | Reached skill level 15 in Spellcasting
 55911 | Crypt:3  | Identified the ring of the Secret Teeth {rN+ Int+6 Dex+3}
 56262 | Crypt:3  | Noticed an ancient lich
 56315 | Crypt:3  | Killed an ancient lich
 56327 | Crypt:3  | Identified the +10 broad axe of the Crafting Jester {heavy,
                  | rPois rF+ rN+}
 56332 | Crypt:3  | Got Zonguldrok's Annotations on Bones
 56344 | Crypt:3  | Learned a level 4 spell: Dispel Undead
 56352 | Crypt:3  | Learned a level 7 spell: Haunt
 56863 | Depths:1 | Reached XP level 23. HP: 129/184 MP: 32/42
 57041 | Depths:1 | Reached skill level 11 in Necromancy
 57147 | Depths:1 | Killed a juggernaut
 57620 | Depths:2 | Identified the +2 scale mail "Duibol" {rCorr Int+3}
 57717 | Depths:2 | Found Vafiol's Jewellery Boutique.
 57717 | Depths:2 | Found Rylut's Book Shoppe.
 57718 | Depths:2 | Found Fyfic's Jewellery Boutique.
 57801 | Depths:2 | Noticed a dread lich
 57803 | Depths:2 | Reached skill level 12 in Necromancy
 57808 | Depths:2 | Killed a dread lich
 57809 | Depths:2 | Reached skill level 10 in Summonings
 58220 | Depths:2 | Reached skill level 13 in Necromancy
 58245 | Depths:2 | Found Benlops's Antique Weapon Emporium.
 58269 | Depths:2 | Got the Almanac of Gloom
 58656 | Depths:3 | Found Dyunaum's Magic Scroll Emporium.
 58734 | Depths:3 | Noticed a juggernaut
 58751 | Depths:3 | Killed a juggernaut
 59036 | Depths:3 | Reached skill level 14 in Necromancy
 59874 | Depths:4 | Entered Level 4 of the Depths
 60306 | Depths:4 | Reached skill level 15 in Necromancy
 60338 | Depths:4 | Gained mutation: Your melee attacks may debilitate your
                  | foes. [demonic ancestry]
 60338 | Depths:4 | Reached XP level 24. HP: 191/191 MP: 43/43
 60464 | Depths:4 | Found a gate to the Realm of Zot.
 60845 | Depths:4 | Identified the +9 falchion of the Skies Above {heavy, rPois
                  | rF- Stlth+}
 61195 | Depths:4 | Noticed Jory
 61201 | Depths:4 | Killed Jory
 61484 | Shoals:2 | Killed Tiucw's ghost
 61630 | Shoals:3 | Killed Vait Lei's ghost
 61885 | Shoals:3 | Identified the +2 pair of boots "Waseu" {Harm Drain MP+9
                  | Int+2}
 61968 | Shoals:4 | Killed Jaime2's ghost
 62317 | Vaults:3 | Killed derval's ghost
 62330 | Vaults:3 | Reached skill level 16 in Necromancy
 62468 | Vaults:3 | Learned a level 1 spell: Apportation
 62478 | Vaults:3 | Identified the +0 pair of gloves of Cloud Cover {Int+3}
 62649 | Vaults:3 | Found a transporter.
 62665 | Vaults:3 | Identified the ring of Nephotat {rPois rCorr Int+3 SInv}
 62762 | Vaults:5 | Entered Level 5 of the Vaults
 63466 | Vaults:5 | Reached skill level 17 in Necromancy
 63648 | Vaults:5 | Identified the amulet "Repu" {Faith Str+6}
 63951 | Vaults:5 | Noticed an ancient lich
 63963 | Vaults:5 | Killed an ancient lich
 64240 | Vaults:5 | Identified the +0 scale mail of Brilliance {Will++ SInv}
 64299 | Vaults:5 | Reached skill level 18 in Necromancy
 64480 | Vaults:5 | Identified the +5 short sword of Nule {heavy, rC+ Int+2}
 64524 | Vaults:5 | Identified the +3 chain mail of the Equinox {Drain rF+
                  | Regen+ Int+4}
 64524 | Vaults:5 | Noticed an ancient lich
 64532 | Vaults:5 | Killed an ancient lich
 64564 | Vaults:5 | Reached XP level 25. HP: 134/197 MP: 45/45
 64740 | Vaults:5 | Got the Handbook of Baleful Unholy Magic
 64968 | Vaults:5 | Identified the +7 long sword of Evisceration {drain, Will++
                  | Str+2 Int+4}
 65736 | Vaults:5 | Identified the +6 long sword of the Six Dreams {flame,
                  | Drain rPois rF+ Str+5}
 65883 | Vaults:5 | Identified the +1 robe of Mirth {rF+}
 65918 | Vaults:5 | Noticed a dread lich
 65920 | Vaults:5 | Paralysed by a dread lich for 4 turns
 65932 | Vaults:5 | Killed a dread lich
 65933 | Vaults:5 | Reached skill level 19 in Necromancy
 65971 | Vaults:5 | Identified the ring of Sesk {Fire Int+3}
 65996 | Vaults:5 | Noticed Sojobo
 66063 | Vaults:5 | Got a silver rune of Zot
 66374 | Vaults:5 | Paralysed by an air elemental for 1 turns
 66383 | Vaults:5 | Killed Sojobo
 67907 | D:12     | Killed Frances
 68026 | D:12     | You paid a toll of 12 potions of heal wounds to enter a
                  | treasure trove
 68027 | Trove    | Entered a treasure trove
 68036 | Trove    | Identified the +10 plate armour of Reason {rElec rN+++
                  | Str-3 Int+2}
 68038 | Trove    | Identified the +7 spear of Attainder {flame, rElec rN+
                  | Str-5 SInv}
 68495 | Lair:5   | Found a staircase to the Slime Pits.
 68516 | Slime:1  | Entered Level 1 of the Pits of Slime
 69861 | Slime:1  | Gained mutation: You occasionally shout uncontrollably at
                  | your foes. [a shining eye]
 70190 | Slime:3  | Gained mutation: You are frail. (-10% HP) [a shining eye]
 70712 | Slime:4  | Found a viscous altar of Jiyva.
 70721 | Slime:4  | Reached skill level 20 in Necromancy
 71428 | Slime:5  | Entered Level 5 of the Pits of Slime
 71809 | Slime:5  | Noticed the Royal Jelly
 72010 | Slime:5  | Gained mutation: You sometimes lose your temper in combat.
                  | [a shining eye]
 72435 | Slime:5  | Gained mutation: Your mind is acute. (Int +4, Str/Dex -1)
                  | [a shining eye]
 72436 | Slime:5  | Gained mutation: You have an uncontrollable temper. [a
                  | shining eye]
 72861 | Lair:5   | Lost mutation: Your mind is acute. (Int +4, Str/Dex -1)
                  | [potion of mutation]
 72861 | Lair:5   | Lost mutation: You are frail. (-10% HP) [potion of
                  | mutation]
 72861 | Lair:5   | Lost mutation: You occasionally shout uncontrollably at
                  | your foes. [potion of mutation]
 72861 | Lair:5   | Gained mutation: Your body sometimes deteriorates upon
                  | taking damage. [potion of mutation]
 72861 | Lair:5   | Gained mutation: Your system is resistant to poisons.
                  | (rPois) [potion of mutation]
 72861 | Lair:5   | Gained mutation: Your muscles are strong. (Str +4, Int/Dex
                  | -1) [potion of mutation]
 72866 | Lair:5   | Lost mutation: Your system is resistant to poisons. (rPois)
                  | [potion of mutation]
 72866 | Lair:5   | Lost mutation: You have an uncontrollable temper. [potion
                  | of mutation]
 72866 | Lair:5   | Gained mutation: Your flesh is cold resistant. (rC+)
                  | [potion of mutation]
 72866 | Lair:5   | Gained mutation: You are frail. (-10% HP) [potion of
                  | mutation]
 72866 | Lair:5   | Lost mutation: You sometimes lose your temper in combat.
                  | [potion of mutation]
 72898 | Lair:4   | Lost mutation: You are frail. (-10% HP) [potion of
                  | mutation]
 72898 | Lair:4   | Lost mutation: Your flesh is cold resistant. (rC+) [potion
                  | of mutation]
 72898 | Lair:4   | Lost mutation: Your muscles are strong. (Str +4, Int/Dex
                  | -1) [potion of mutation]
 72898 | Lair:4   | Gained mutation: You are clumsy. (Dex -2) [potion of
                  | mutation]
 73273 | Slime:5  | Killed the Royal Jelly
 73971 | Slime:5  | Identified the ring of Sefuif {rF+ rN+ Int+5 Dex-4 Stlth+}
 74037 | Slime:5  | Identified the amulet "Fecluiro" {Rampage rElec rPois Will-
                  | Regen+}
 74064 | Slime:5  | Identified the +6 executioner's axe of Slime {heavy, rF+
                  | rCorr Str+3}
 74066 | Slime:5  | Identified the +2 whip "Qieraxor" {freeze, Fragile Int+2
                  | Stlth+}
 74080 | Slime:5  | Got a slimy rune of Zot
 74118 | Slime:5  | Identified the +9 lajatang of Obropuecw {freeze, rCorr
                  | Str+2 Dex+3}
 74122 | Slime:5  | Identified the +0 trident "Tuwidghu" {antimagic, *Rage
                  | rCorr Dex+3}
 74672 | Vaults:4 | Learned a level 9 spell: Death's Door
 74960 | Zot:1    | Entered Level 1 of the Realm of Zot
 75073 | Zot:1    | Reached skill level 1 in Transmutations
 75137 | Zot:1    | Reached skill level 21 in Necromancy
 75345 | Zot:1    | Reached XP level 26. HP: 188/204 MP: 40/47
 75803 | Zot:1    | Noticed an orb of fire
 75814 | Zot:1    | Gained mutation: You have supernaturally acute eyesight.
                  | (SInv) [an orb of fire]
 75816 | Zot:1    | Gained mutation: Armour fits poorly on your strangely
                  | shaped body. [an orb of fire]
 75817 | Zot:1    | Killed an orb of fire
 75860 | Zot:1    | Reached skill level 5 in Transmutations
 76723 | Zot:1    | Learned a level 8 spell: Necromutation
 77719 | Zot:2    | Reached skill level 22 in Necromancy
 78535 | Zot:3    | Noticed Parghit
 78889 | Zot:3    | HP: 8/204 [tentacled monstrosity (8)]
 79738 | Zot:3    | Killed Parghit
 79984 | Zot:3    | Killed from afar by a black draconian knight

Illustrated notes

Levels and vault maps discovered:
D:1:      roderic_dead_forest, layout_basic, amcnicky_mini_pool_small
D:2:      layout_basic, uniq_robin
D:3:      layout_rooms, serial_shops, shop, shapermc_ecumenical_altar_petra,
          pf_guarded_unrand_woodcutter
D:4:      layout_rooms, serial_bayou_pond_a
D:5:      cheibrodos_helix_gallery, layout_basic,
          mainiacjoe_overflow_tiny_flanked, portal_sewer_entry_a, st_stairs_9
D:6:      layout_basic, mainiacjoe_overflow_chevrons, led_sif_pool,
          minmay_temple_entry_trees
D:7:      layout_rooms, general_overflow_altar
D:8:      layout_cave_pools, zin_angel, nicolae_yredelemnul_corpse_copse,
          enter_ossuary_2, hangedman_ranch
D:9:      minmay_distorted_concentric_squares, layout_loops_ring,
          minmay_misc_feat_room, serial_bayou_lagoon_b
D:10:     layout_basic, chequers_temple_overflow_statue_of_worship,
          dpeg_oklobed_lair
D:11:     minmay_the_grid_octo_tiled_squarecenter_mashed
          [minmay_the_grid_octo_thin_diamonds, minmay_the_grid_octo_odd_swirl,
          minmay_the_grid_octo_teeth, minmay_the_grid_octo_clover,
          minmay_the_grid_square_5x5_megaprize_diamond,
          minmay_the_grid_square_5x5_bracketed,
          minmay_the_grid_square_5x5_half_checkered,
          minmay_the_grid_square_5x5_checkered,
          minmay_the_grid_square_5x5_inner_v], layout_loops_ring, serial_shops,
          shop, uniq_snorg, uniq_grum
D:12:     layout_loops_ring, nicolae_trove_entry_path_of_doom, laboratory,
          uniq_frances, uniq_nessos, uniq_kirke, uniq_gastronok
D:13:     due_megacathedral, layout_long_grid, erik_vaults_1,
          gauntlet_entry_generic, corexii_hall_statues_x, hangedman_stone_soup
D:14:     layout_roguey, kennysheep_nub, minmay_misc_feat_cross
D:15:     hangedman_depths_entry_try_elsewhere_first, layout_rooms,
          reono_crystal_passage
Temple:   cyrus_circular_temple
Lair:1:   layout_big_grid, ebering_ghost_rock_garden, minmay_stone_trees_medium,
          minmay_lair_oklob_items
Lair:2:   layout_small_grid, minmay_snake_entry_guardpost_small, basic_altar
Lair:3:   layout_regular_city, elwin_shoals_entry_stream, uniq_nergalle
Lair:4:   dragon1_lemuel, layout_loops_ring, gammafunk_ghost_hydra_chop,
          nicolae_lair_liquid_snakes, grunt_megastairs_3
Lair:5:   gammafunk_lair_ancient_temple, layout_hall_layers,
          minmay_slime_entry_oklob_enclosed
Shoals:1: layout_shoals, uniq_louise, uniq_jorgrun
Shoals:2: layout_shoals, gammafunk_ghost_necromancy,
          nicolae_shoals_nymph_descending_staircase
Shoals:3: layout_shoals, gammafunk_ghost_berserking_beasts,
          nicolae_shoals_square_sea_wall
Shoals:4: shoals_end_grunt_ice, layout_shoals, ebering_ghost_reflecting_pool,
          nicolae_shop_firing_range
Snake:1:  layout_misc_corridors, grunt_megastairs_2, uniq_rupert
Snake:2:  layout_misc_corridors, special_room, nicolae_snake_gridmaze_spiral,
          minmay_shop_star
Snake:3:  layout_concentric_octagons, portal_ice_cave_entry_ice_statue_two
Snake:4:  johnstein_snake_rune_scales, layout_cave_shapes
Slime:1:  layout_caves
Slime:2:  layout_caves
Slime:3:  layout_caves, nicolae_slime_crime_time
Slime:4:  cheibrodos_slime_lost_civilization_1, layout_caves, basic_altar
Slime:5
Orc:1:    layout_caves
Orc:2:    st_orc_mages, layout_caves, special_room, basic_altar
Elf:1:    layout_gridlike, hangedman_elven_crosses_minicolossus
Elf:2:    nicolae_elf_blades_splatter_lattice [mumra_blade_entry_dagger],
          layout_geoelf_grid, serial_shops, shop, minmay_shoptagon,
          uniq_asterion
Elf:3:    minmay_elf_hall_quartered_circle, layout_loops_cross, door_vault
Vaults:1: hangedman_vaults_corner_blocks, ontoclasm_vaults_decontamination,
          layout_vaults_omnigrid, serial_shops, shop
Vaults:2: portal_desolation_entry_salt, vaults_room_stairs_pillars,
          minmay_crypt_entry_nasty_monster, vaults_mumra_chevron,
          hangedman_vaults_capsules, vaults_room_corners,
          nicolae_vaults_network_periphery, ontoclasm_vaults_chip, v_misc_5,
          ontoclasm_vaults_twist, nicolae_vaults_sealed_display,
          layout_vaults_ring
Vaults:3: gammafunk_ghost_tricky_traps, v_rooms_5, gammafunk_sealed_library,
          v_misc_30, vaults_standard_mumra_enter_the_diamond, vaults_dpeg_hooks,
          v_pattern_2, grunt_vaults_hallway_long, nicolae_vaults_theta,
          layout_vaults_omnicross
Vaults:4: nicolae_vaults_gold_heap, hangedman_vaults_slice, st_octagons_2,
          ontoclasm_vaults_idyll, vaults_dpeg_doors,
          nicolae_vaults_ring_of_whatevers, grunt_vaults_focal,
          nicolae_vaults_mini_display_case, nicolae_vaults_specimen_jars,
          vaults_room_stairs_pillars, grunt_vaults_hallway_short,
          vaults_dpeg_ring, layout_vaults_chaotic_city, serial_shops, shop
Vaults:5: uniq_sojobo
Crypt:1:  layout_basic, hex_tiny, nzn_life_drinkers, uniq_grunn, uniq_mennas
Crypt:2:  layout_chaotic_city, uniq_margery
Crypt:3:  due_elkab, layout_chaotic_city, nicolae_tomb_entry_grand_gallery,
          uniq_josephina, uniq_khufu
Depths:1: layout_forbidden_donut, enter_ziggurat_b, pan_entry, lightli_too_deep,
          hangedman_abyss_entry_splay, nicolae_concentric_dashed_squares_mild,
          st_stairs_11, nicolae_qazlal_eye_of_the_storm
Depths:2: minmay_ambush_box, layout_cave_pools, hangedman_coc_ice_floe,
          pan_entry, minmay_room_of_horrors, serial_shops,
          nicolae_shop_behind_doors, special_room [special_room_morgue],
          minmay_shop_grove
Depths:3: minmay_cut_squares, layout_gridlike, abyss_entry, hellmouth_3,
          minmay_misc_feat_more_columns, serial_shops, nicolae_lakefront_shop
Depths:4: evilmike_zot_entry_diamond, layout_gridville, hellmouth_1,
          serial_bayou_pond_e, uniq_jory
Zot:1:    kennysheep_oblong_rooms, layout_gridlike
Zot:2:    layout_cathedral_of_symmetry
Zot:3:    layout_cathedral_of_symmetry, hangedman_feature_mirror,
          amethyst_zot_foddershock, uniq_parghit

Skill      XL: |  1  2  3  4  5  6  7  8  9 10 11 12 13 14 15 16 17 18 19 20 21 22 23 24 25 26 |
---------------+-------------------------------------------------------------------------------+-----
Ice Magic      | 2 4 |  4.2
Spellcasting   | 2 3 5 6 8 9 11 13 15 16 18 20 | 20.2
Stealth        | 2 3 5 |  5.2
Dodging        | 2 3 6 8 9 10 12 13 15 | 15.8
Summonings     | 5 7 8 10 | 10.9
Axes           | 2 4 |  4.0
Invocations    | 4 8 10 12 | 12.0
Evocations     | 4 8 9 12 | 12.7
Fighting       | 6 7 9 11 12 13 15 16 | 16.0
Armour         | 2 5 6 8 9 10 11 16 | 16.1
Air Magic      | 4 |  4.1
Translocations | 3 5 6 12 | 12.0
Shields        | 3 11 13 | 13.0
Maces & Flails | 2 8 12 | 12.2
Necromancy     | 4 10 15 18 21 22 | 22.5
Transmutations | 3 8 |  8.2

Action                     |  1- 3 |  4- 6 |  7- 9 | 10-12 | 13-15 | 16-18 | 19-21 | 22-24 | 25-27 || total
---------------------------+-------+-------+-------+-------+-------+-------+-------+-------+-------++-------
  Melee: Club              |     9 |       |       |       |       |       |       |       |       ||     9
         Short sword       |    79 |    32 |       |       |       |       |       |       |       ||   111
         Headbutt          |    10 |     5 |    45 |    62 |   234 |   586 |   578 |   518 |   391 ||  2429
         Battleaxe         |       |    59 |   237 |   255 |   814 |       |       |       |       ||  1365
         Demon whip        |       |       |       |       |    34 |  1666 |  1794 |  1870 |  1271 ||  6635
  Throw: Dart              |       |       |     5 |       |       |     4 |       |       |       ||     9
         Throwing net      |       |       |       |       |       |     1 |       |       |       ||     1
   Cast: Freeze            |    21 |    15 |    24 |     1 |       |       |       |       |       ||    61
         Call Canine Famil |       |       |    13 |    31 |    33 |     7 |       |       |     1 ||    85
         Summon Lightning  |       |       |       |       |    31 |    34 |     1 |     2 |     1 ||    69
         Blink             |       |       |       |       |     1 |     3 |     2 |       |       ||     6
         Manifold Assault  |       |       |       |       |     1 |       |   170 |   174 |    86 ||   431
         Dispel Undead     |       |       |       |       |       |       |       |    17 |     7 ||    24
         Apportation       |       |       |       |       |       |       |       |     4 |       ||     4
         Haunt             |       |       |       |       |       |       |       |     1 |     4 ||     5
 Invoke: Slouch            |       |       |       |       |     4 |       |       |     3 |       ||     7
         Temporal Distorti |       |       |       |       |     2 |     1 |     4 |     1 |       ||     8
         Bend Time         |       |       |       |       |     1 |     1 |       |     7 |     2 ||    11
         Step From Time    |       |       |       |       |       |     2 |     1 |       |     4 ||     7
  Evoke: Wand              |     1 |     2 |     4 |     5 |    17 |     6 |     4 |       |    11 ||    50
         Phantom mirror    |       |       |       |       |     3 |     1 |       |     2 |     1 ||     7
         Box of beasts     |       |       |       |       |       |     2 |       |     3 |     2 ||     7
         Phial of floods   |       |       |       |       |       |     1 |       |     3 |       ||     4
         Condenser vane    |       |       |       |       |       |       |       |       |     1 ||     1
    Use: Scroll            |       |     3 |    16 |     6 |    13 |     5 |     9 |     6 |    10 ||    68
         Potion            |       |       |     5 |     1 |     2 |     3 |     2 |     5 |    12 ||    30
   Stab: Sleeping          |     1 |     2 |     3 |       |     7 |    10 |    10 |    16 |     2 ||    51
         Distracted        |       |       |     1 |     3 |    11 |    11 |     3 |     6 |     4 ||    39
         Paralysed         |       |       |       |       |     5 |     1 |     3 |       |       ||     9
 Armour: Robe              |    29 |     8 |       |       |       |       |       |       |       ||    37
         Leather armour    |       |    13 |    63 |       |       |       |       |       |       ||    76
         Acid dragon scale |       |       |     8 |    22 |       |       |       |       |       ||    30
         Quicksilver drago |       |       |       |    62 |   267 |   274 |   150 |   185 |    29 ||   967
         Gold dragon scale |       |       |       |       |       |       |       |       |   252 ||   252
         Pearl dragon scal |       |       |       |       |       |       |       |       |   160 ||   160
  Dodge: Dodged            |    54 |    36 |   135 |   225 |  1194 |  1175 |   968 |  1161 |   952 ||  5900
         Repelled          |       |       |       |       |       |       |    19 |    13 |    60 ||    92
  Block: Buckler           |    14 |     5 |       |       |    20 |    85 |       |       |       ||   124
         Kite shield       |       |       |       |       |       |  1293 |  1133 |  1264 |   833 ||  4523

Table legend: (Time is in decaauts)
 A = Elapsed time spent in this place.
 B = Non-inter-level travel time spent in this place.
 C = Inter-level travel time spent in this place.
 D = Time resting spent in this place.
 E = Time spent auto-exploring this place.
 F = Levels seen in this place.
 G = Mean time per level.
                   A        B        C        D        E       F      G
               +--------+--------+--------+--------+--------+-----+--------+
         Total | 116000 | 104598 |  11402 |  20842 |  57898 |  60 | 1933.3 |
       Dungeon |  22658 |  19905 |   2753 |   3218 |  12090 |  15 | 1510.5 |
        Temple |     96 |     96 |      0 |      0 |     52 |   1 |   96.0 |
          Lair |  10858 |   9184 |   1674 |   1356 |   5934 |   5 | 2171.6 |
        Shoals |   8571 |   7494 |   1077 |   1439 |   4210 |   4 | 2142.8 |
     Snake Pit |   8365 |   7510 |    855 |   1394 |   4162 |   4 | 2091.2 |
    Slime Pits |   7791 |   7019 |    772 |   2305 |   3200 |   5 | 1558.2 |
  Orcish Mines |   2340 |   2182 |    158 |    346 |   1241 |   2 | 1170.0 |
   Elven Halls |   5885 |   5517 |    368 |    843 |   3247 |   3 | 1961.7 |
        Vaults |  19945 |  17331 |   2614 |   2857 |  10456 |   5 | 3989.0 |
         Crypt |   7863 |   7591 |    272 |   1357 |   4444 |   3 | 2621.0 |
        Depths |   8093 |   7637 |    456 |   1782 |   3922 |   4 | 2023.2 |
           Zot |   7063 |   6665 |    398 |   1933 |   3566 |   3 | 2354.3 |
         Trove |    136 |    136 |      0 |      0 |      0 |   1 |  136.0 |
         Sewer |    254 |    254 |      0 |     58 |     71 |   1 |  254.0 |
       Ossuary |    471 |    471 |      0 |    168 |    207 |   1 |  471.0 |
      Ice Cave |   2435 |   2435 |      0 |   1192 |    477 |   1 | 2435.0 |
    Desolation |   2565 |   2565 |      0 |    444 |    616 |   1 | 2565.0 |
      Gauntlet |    605 |    605 |      0 |    146 |      0 |   1 |  605.0 |
               +--------+--------+--------+--------+--------+-----+--------+

Top non-repeatable levels by time:
Vaults:5: 6383 daAuts
Vaults:4: 4824 daAuts
 Crypt:3: 3527 daAuts
Vaults:3: 3432 daAuts
  Lair:5: 3073 daAuts
   Zot:2: 3011 daAuts
 Crypt:1: 2857 daAuts
   Zot:1: 2837 daAuts
Shoals:4: 2834 daAuts
    D:13: 2738 daAuts
Vaults:1: 2653 daAuts
Vaults:2: 2651 daAuts
   Elf:3: 2649 daAuts
Desolation: 2565 daAuts
 Slime:5: 2531 daAuts
